 Dungeon Crawl Stone Soup version 0.31-a0-691-g409c26aa35 (webtiles) character file.

Game seed: 15287948443480327476

7660 arthad the Grappler (level 10, -7/150 HPs)
             Began as a Troll Shapeshifter on Sept 6, 2023.
             Was a High Priest of Uskayaw.
             Mangled by a yak (14 damage)
             ... on level 9 of the Dungeon.
             The game lasted 00:14:04 (6406 turns).

arthad the Grappler (Troll Shapeshifter)            Turns: 6406, Time: 00:14:05

Health: -7/150     AC:  5    Str: 28    XL:     10   Next: 99%
Magic:  9/12       EV: 11    Int:  6    God:    Uskayaw [*****.]
Gold:   353        SH:  5    Dex:  9    Spells: 9/9 levels left

rFire   . .          .
                       - Unarmed
rCold   . . .        (no shield)
rNeg    . . .        a - +1 animal skin
rPois   .            (helmet currently unavailable)
rElec   .            (cloak currently unavailable)
rCorr   .            (gloves unavailable)
SInv    .            (boots unavailable)
Will    .....        t - amulet of reflection Stlth
                     J - ring of flight
HPRegen 1.25/turn    (no ring)
MPRegen 0.13/turn

%: reflection
@: berserking (expiring), beast-form, flying, very quick
A: beast (slay +4), large, unfitting armour, claws 3, regeneration 1, shaggy fur
1, tough skin 1
a: Begin Untransformation, Renounce Religion, Stomp, Line Pass, Grand Finale


You were on level 9 of the Dungeon.
You worshipped Uskayaw.
Uskayaw was noncommittal.
You were a hulking beast.
You visited 1 branch of the dungeon, and saw 9 of its levels.
You also visited: Ossuary.

You collected 463 gold pieces.
You spent 110 gold pieces at shops.

Inventory:

Hand Weapons
 B - a +3 quarterstaff of chaos
Armour
 a - a +1 animal skin (worn)
 p - a +0 cloak of poison resistance
 u - the +0 cloak of the Crypt {Int+3}
   (You found it on level 4 of the Dungeon)

   Int+3:     It affects your intelligence (+3).
 A - an orb of mayhem
Jewellery
 s - an amulet of magic regeneration
 t - an amulet of reflection (around neck)
 y - an amulet of guardian spirit
 E - a ring of fire
 J - a ring of flight (left claw)
Talismans
 c - a beast talisman (active)
 d - a flux talisman
 w - a maw talisman
Wands
 x - a wand of polymorph (7)
 z - a wand of mindburst (13)
Scrolls
 f - a scroll of enchant armour
 g - 2 scrolls of blinking
 h - 4 scrolls of identify
 i - a scroll of teleportation
 o - 4 scrolls of immolation {unknown}
 C - a scroll of vulnerability {unknown}
 D - a scroll of amnesia {unknown}
 F - a scroll of poison {unknown}
 G - a scroll of silence {unknown}
 H - a scroll of enchant weapon {unknown}
Potions
 b - a potion of enlightenment {unknown}
 e - 2 potions of haste {unknown}
 j - a potion of attraction {unknown}
 k - 2 potions of degeneration {unknown}
 l - 5 potions of curing
 m - a potion of lignification
 n - 2 potions of brilliance {unknown}
 q - a potion of magic {unknown}
 r - 2 potions of berserk rage
 v - 2 potions of mutation {unknown}
 I - a potion of resistance {unknown}


   Skills:
 * Level 6.4 Fighting
 * Level 6.5 Dodging
 + Level 3.2 Stealth
 * Level 8.2 Unarmed Combat
 + Level 4.2 Invocations
 * Level 7.7 Shapeshifting


You had 9 spell levels left.
You didn't know any spells.
Your spell library contained the following spells:

 Spells                   Type           Power      Damage    Failure   Level
 Poisonous Vapours        Pois/Air       0%         N/A       58%         2
 Static Discharge         Conj/Air       0%         2-2/arc   58%         2
 Wereblood                Tmut           0%         N/A       58%         2
 Call Canine Familiar     Summ           0%         N/A       83%         3
 Mephitic Cloud           Conj/Pois/Air  0%         N/A       83%         3
 Portal Projectile        Hex/Tloc       0%         N/A       83%         3
 Airstrike                Air            0%         2d(0-16)  99%         4
 Leda's Liquefaction      Hex/Erth       0%         N/A       99%         4
 Summon Ice Beast         Ice/Summ       0%         N/A       99%         4
 Summon Lightning Spire   Summ/Air       0%         N/A       99%         4
 Freezing Cloud           Conj/Ice/Air   0%         6-21      100%        5
 Summon Mana Viper        Hex/Summ       0%         N/A       100%        5
 Monstrous Menagerie      Summ           0%         N/A       100%        7


Dungeon Overview and Level Annotations

Branches:
Dungeon (9/15)             Temple (0/1) D:6         Ossuary (visited)
   Lair: D:8-11         Orc: D:9-12

Altars:
Ashenzari
Dithmenos
Gozag
Kikubaaqudgha
Nemelex Xobeh
Okawaru
Sif Muna
Trog
Uskayaw
Wu Jian
Yredelemnul
Zin

Shops:
D:3 [


Innate Abilities, Weirdness & Mutations

You are a hulking beast.
Your limbs bulge with bestial killing power. (Slay +4)
You are too large for most types of armour.
You have claws for hands.
Your natural rate of healing is unusually fast.
You are covered in fur. (AC +1)
You have tough skin. (AC +1)


Message History

The yak is lightly wounded.
You scratch the yak.
The yak is moderately wounded.
The yak is no longer moving slowly.
The yak gores you.
* * * LOW HITPOINT WARNING * * *
The yak gores you but does no damage. The yak misses you.
The yak gores you but does no damage.
You claw the yak!
The yak is severely wounded.
You closely miss the yak.
The yak is severely wounded.
The yak completely misses you. You block the yak's attack.
The yak gores you but does no damage. The yak gores you.
* * * LOW HITPOINT WARNING * * *
You mangle the yak!!
You kill the yak!
The yak gores you!
* * * LOW HITPOINT WARNING * * *
The yak gores you.
* * * LOW HITPOINT WARNING * * *
You can now merge with and destroy a victim.
You claw the yak!
The yak is severely wounded.
The yak gores you but does no damage.
You barely miss the yak.
The yak is severely wounded.
You block the yak's attack. The yak gores you but does no damage.
The yak closely misses you.
You scratch the yak.
The yak is severely wounded.
You claw the yak!
You kill the yak!
The yak barely misses you. The yak gores you!
* * * LOW HITPOINT WARNING * * *
You claw the yak!
The yak is moderately wounded.
You mangle the yak!!
You kill the yak!
The yak gores you!
You die...

...YY..#.............#
.......#..##...#.....#
..?....#..##...#######
......>#..#....#
.......#.†#....#
.......##†##...#
........)..#...#
#######.†Y†#...#
#..h.+...# #....#####
#....# #....# .....#
....... ........
#.......##


You could see a yak (poisoned).

Vanquished Creatures
  A two-headed ogre (D:8)
  Jeremiah (D:6)
  An unseen horror (D:8)
  Prince Ribbit (D:6)
  2 hornets
  10 yaks
  A wyvern (D:7)
  Eustachio (D:6)
  A steam dragon (D:9)
  2 water moccasins
  Duvessa (D:6)
  A sky beast (D:7)
  2 orc warriors (D:5)
  A black bear (D:6)
  3 centaurs
  An ogre (D:6)
  A kobold brigand (D:8)
  A bullfrog (D:7)
  Blork the orc (D:5)
  13 scorpions
  4 wights
  Dowan (D:6)
  16 killer bees
  3 howler monkeys (D:8)
  A centaur zombie (Ossuary)
  A jelly (D:6)
  4 human zombies (Ossuary)
  A hound (D:6)
  3 orc priests
  4 sleepcaps
  Crazy Yiuf (D:6)
  Terence (D:2)
  9 iguanas
  8 orc wizards
  5 scorpion zombies (Ossuary)
  4 mummies
  4 adders
  4 gnolls (D:7)
  A shadow imp (D:6)
  An ufetubus (D:7)
  4 worms
  A dart slug (D:1)
  21 orcs
  4 endoplasms
  A giant cockroach (D:3)
  5 goblins
  4 hobgoblins
  4 jackals (D:4)
  4 quokkas
  4 ball pythons
  6 bats
  2 frilled lizards
  A gnoll zombie (Ossuary)
  A goblin zombie (Ossuary)
  3 hobgoblin zombies (Ossuary)
  16 kobolds
  3 kobold zombies (Ossuary)
  6 rats
212 creatures vanquished.

Notes
Turn   | Place    | Note
-------+----------+-------------------------------------------
     0 | D:1      | arthad the Troll Shapeshifter began the quest for the Orb.
     0 | D:1      | Reached XP level 1. HP: 18/18 MP: 0/0
    77 | D:1      | Reached skill level 1 in Fighting
   182 | D:1      | Reached XP level 2. HP: 27/27 MP: 1/1
   837 | D:2      | Noticed Terence
   845 | D:2      | Killed Terence
   846 | D:2      | Reached XP level 3. HP: 32/33 MP: 2/2
  1256 | D:2      | You fall into a shaft and drop 2 floors!
  1275 | D:4      | Reached XP level 4. HP: 41/41 MP: 3/3
  1474 | D:3      | Found Xugh's Armour Boutique.
  1649 | D:3      | Bought a +0 cloak of poison resistance for 110 gold pieces
  2161 | D:3      | Found a basalt altar of Yredelemnul.
  2228 | D:3      | Found an ancient bone altar of Kikubaaqudgha.
  2361 | D:4      | Reached XP level 5. HP: 49/49 MP: 4/4
  2542 | D:4      | Identified the +0 cloak of the Crypt {Int+3}
  2561 | D:4      | Reached skill level 1 in Stealth
  2736 | D:5      | Entered Level 5 of the Dungeon
  2744 | D:5      | Noticed a centaur
  2749 | D:5      | Killed a centaur
  2750 | D:5      | Reached skill level 4 in Unarmed Combat
  2750 | D:5      | Reached XP level 6. HP: 57/58 MP: 5/5
  2750 | D:5      | Found a hide-covered altar of Uskayaw.
  2792 | D:5      | Became a worshipper of Uskayaw the Reveller
  2808 | D:5      | Reached * piety under Uskayaw
  2811 | D:5      | Noticed a water moccasin
  2813 | D:5      | Reached ** piety under Uskayaw
  2823 | D:5      | Reached *** piety under Uskayaw
  2824 | D:5      | Killed a water moccasin
  2824 | D:5      | Reached **** piety under Uskayaw
  2827 | D:5      | Reached ***** piety under Uskayaw
  2828 | D:5      | Reached XP level 7. HP: 21/66 MP: 6/6
  2937 | D:5      | Reached skill level 1 in Invocations
  3015 | D:5      | Noticed Blork the orc
  3024 | D:5      | Killed Blork the orc
  3050 | D:5      | Found a glowing silver altar of Zin.
  3135 | D:5      | Found a bloodstained altar of Trog.
  3147 | D:5      | Reached skill level 5 in Unarmed Combat
  3166 | D:5      | Found a shimmering blue altar of Sif Muna.
  3170 | D:5      | Got Sif Muna's Teachings on the Xenotype
  3429 | D:6      | Reached XP level 8. HP: 70/75 MP: 8/8
  3456 | D:6      | Reached skill level 5 in Shapeshifting
  3584 | D:6      | Noticed Prince Ribbit
  3609 | D:6      | Killed Prince Ribbit
  3832 | D:6      | Found a staircase to the Ecumenical Temple.
  3872 | D:6      | Found a runed translucent door.
  3873 | D:6      | Noticed Crazy Yiuf
  3986 | D:6      | Noticed Eustachio
  3999 | D:6      | Killed Eustachio
  4025 | D:6      | Noticed Dowan
  4059 | D:6      | Found an ornate altar of the Wu Jian Council.
  4100 | D:6      | Reached skill level 6 in Unarmed Combat
  4123 | D:6      | Noticed Duvessa
  4132 | D:6      | Killed Duvessa
  4136 | D:6      | Reached XP level 9. HP: 55/85 MP: 9/9
  4139 | D:6      | Killed Dowan
  4202 | D:6      | Noticed Jeremiah
  4224 | D:6      | Killed Jeremiah
  4267 | D:6      | Found an opulent altar of Gozag.
  4378 | D:6      | Killed Crazy Yiuf
  4462 | D:7      | Found a broken altar of Ashenzari.
  4548 | D:7      | Reached skill level 5 in Dodging
  4783 | D:7      | Reached skill level 5 in Fighting
  4785 | D:7      | Found a shadowy altar of Dithmenos.
  4875 | D:7      | Reached skill level 7 in Unarmed Combat
  5014 | D:7      | Found an iron altar of Okawaru.
  5380 | D:8      | Noticed a two-headed ogre
  5391 | D:8      | Killed a two-headed ogre
  5392 | D:8      | Reached XP level 10. HP: 96/96 MP: 11/11
  5433 | D:8      | Found a sand-covered staircase.
  5440 | Ossuary  | Entered an ossuary
  5782 | D:8      | Found a sparkling altar of Nemelex Xobeh.
  5986 | D:8      | Paralysed by a hornet for 2 turns
  6245 | D:8      | Reached skill level 8 in Unarmed Combat
  6404 | D:9      | HP: 5/150 [yak (15)]
  6406 | D:9      | Mangled by a yak

Illustrated notes

Levels and vault maps discovered:
D:1:      dpeg_arrival_erosion, layout_loops_corners
D:2:      layout_loops_ring, uniq_terence
D:3:      layout_basic, mainiacjoe_overflow_alcove_1, pf_just_have_faith,
          serial_shops, nicolae_shop_waterfront
D:4:      layout_rooms
D:5:      layout_rooms, nzn_overflow_gifts_of_might_and_magic,
          mainiacjoe_overflow_chevrons, nicolae_uskayaw_dance_hall,
          hangedman_decor_opposing, uniq_blork_the_orc
D:6:      nicolae_cairo_tiling_large_dashed, layout_rooms,
          mainiacjoe_overflow_boulevard, lemuel_doored_altar,
          minmay_temple_entry_mist, minmay_between, uniq_prince_ribbit1,
          uniq_crazy_yiuf_cottage, uniq_jeremiah, uniq_duvessa, uniq_eustachio
D:7:      layout_basic, nicolae_overflow_hidden_temple,
          mainiacjoe_overflow_cross_hatched, mainiacjoe_overflow_brackets,
          serial_park_tiny_1
D:8:      layout_rooms, mainiacjoe_overflow_tiny_flanked,
          gup_ossuary_entry_pyramid
D:9:      hellmonk_destroyed_diamonds, layout_stronghold, grunt_qazlal_clouds,
          led_xom_imps, lair_entry_dummy, minmay_orc_entry_temple_small,
          serial_column_ruins, column_ruins_hut_pillars, column_ruins_hut,
          column_ruins_grid_1, column_ruins_corridor_dead_end,
          column_ruins_grid_3, column_ruins_open_tiny

Skill      XL: |  1  2  3  4  5  6  7  8  9 10 |
---------------+-------------------------------+-----
Fighting       | 1 2 3 4 5 6 |  6.4
Dodging        | 2 3 4 5 6 |  6.5
Stealth        | 1 2 3 |  3.2
Unarmed Combat | 4 5 6 7 8 |  8.2
Shapeshifting  | 4 5 6 7 |  7.7
Invocations    | 1 2 3 4 |  4.2

Action                     |  1- 3 |  4- 6 |  7- 9 | 10-12 || total
---------------------------+-------+-------+-------+-------++-------
  Melee: Unarmed           |    75 |   131 |   228 |   174 ||   608
         Punch             |       |     5 |    11 |     3 ||    19
  Throw: Throwing net      |       |       |     1 |       ||     1
 Invoke: Stomp             |       |       |     6 |       ||     6
         Line Pass         |       |       |       |     1 ||     1
  Evoke: Wand              |       |       |     2 |     4 ||     6
    Use: Potion            |       |     1 |       |     4 ||     5
         Scroll            |       |       |     6 |     1 ||     7
   Stab: Sleeping          |       |     2 |     3 |       ||     5
         Distracted        |       |     1 |       |     1 ||     2
         Paralysed         |       |     1 |     7 |    13 ||    21
 Armour: Animal skin       |    44 |    84 |   131 |   134 ||   393
         Skin              |       |    10 |       |       ||    10
  Dodge: Dodged            |    38 |    57 |    91 |    78 ||   264
  Block: Other             |       |     9 |    45 |    46 ||   100
         Reflection        |       |       |     3 |       ||     3

Table legend: (Time is in decaauts)
 A = Elapsed time spent in this place.
 B = Non-inter-level travel time spent in this place.
 C = Inter-level travel time spent in this place.
 D = Time resting spent in this place.
 E = Time spent auto-exploring this place.
 F = Levels seen in this place.
 G = Mean time per level.
                   A        B        C        D        E       F      G
               +--------+--------+--------+--------+--------+-----+--------+
         Total |   6347 |   6121 |    226 |    226 |   4497 |  10 |  634.7 |
       Dungeon |   6045 |   5819 |    226 |    226 |   4340 |   9 |  671.7 |
       Ossuary |    301 |    301 |      0 |      0 |    157 |   1 |  301.0 |
               +--------+--------+--------+--------+--------+-----+--------+

Top non-repeatable levels by time:
     D:6: 982 daAuts
     D:3: 931 daAuts
     D:7: 829 daAuts
     D:1: 810 daAuts
     D:8: 728 daAuts
     D:5: 699 daAuts
     D:2: 523 daAuts
     D:4: 458 daAuts
 Ossuary: 301 daAuts
     D:9: 81 daAuts
